[ AOE2 MATCH · #477430677 ]
UnrankedItalians vs Wu
[ REPLAY ANALYSIS · EXTRACTED FROM THE RECORDED GAME ]
Feudal
12:08
Castle
21:39
Imperial
—
| APM avg | 29.6 |
| APM peak | 59 |
| eAPM avg | 15.4 |
| Villagers / military | 90 / 29 |
Focus
⚔️ 35.1% · 🌾 64.9%
Fishing Ship ×20 · Galley ×18 · Genoese Crossbowman ×9 · Unknown (2626) ×4 · Mangonel ×1 · Fire Galley ×1
Feudal
14:43
Castle
18:38
Imperial
33:22
| APM avg | 48.8 |
| APM peak | 104 |
| eAPM avg | 27.7 |
| Villagers / military | 70 / 48 |
Focus
⚔️ 20.8% · 🌾 79.2%
Archer ×36 · Fishing Ship ×8 · Battering Ram ×6 · Monk ×2 · Spearman ×2 · Militia ×1
Feudal
14:20
Castle
18:05
Imperial
—
| APM avg | 34.2 |
| APM peak | 70 |
| eAPM avg | 17.9 |
| Villagers / military | 79 / 16 |
Focus
⚔️ 36.2% · 🌾 63.8%
Unknown (1974) ×18 · Fishing Ship ×16 · Mangonel ×11 · Archer ×4 · Petard ×1 · Unknown (1968) ×1
Feudal
13:00
Castle
30:42
Imperial
—
| APM avg | 42.0 |
| APM peak | 92 |
| eAPM avg | 27.6 |
| Villagers / military | 78 / 31 |
Focus
⚔️ 24.4% · 🌾 75.6%
Militia ×16 · Battering Ram ×8 · Spearman ×7 · Fishing Ship ×5
Feudal
12:46
Castle
20:38
Imperial
—
| APM avg | 26.3 |
| APM peak | 55 |
| eAPM avg | 14.0 |
| Villagers / military | 77 / 17 |
Focus
⚔️ 48.3% · 🌾 51.7%
Knight ×8 · Scout Cavalry ×7 · Fishing Ship ×6 · Spearman ×2
Feudal
13:31
Castle
16:22
Imperial
31:21
| APM avg | 42.8 |
| APM peak | 63 |
| eAPM avg | 24.2 |
| Villagers / military | 129 / 52 |
Focus
⚔️ 25.6% · 🌾 74.4%
Archer ×29 · Fishing Ship ×26 · Fire Galley ×10 · Battle Elephant ×5 · Trebuchet (Packed) ×4 · Monk ×2
Feudal
15:30
Castle
19:52
Imperial
—
| APM avg | 26.8 |
| APM peak | 61 |
| eAPM avg | 15.5 |
| Villagers / military | 130 / 74 |
Focus
⚔️ 28.4% · 🌾 71.6%
Huskarl ×36 · Militia ×26 · Fishing Ship ×14 · Battering Ram ×12
Feudal
15:30
Castle
20:59
Imperial
—
| APM avg | 50.0 |
| APM peak | 81 |
| eAPM avg | 23.1 |
| Villagers / military | 53 / 38 |
Focus
⚔️ 38.7% · 🌾 61.3%
Fishing Ship ×13 · Monk ×12 · Missionary ×9 · Scorpion ×6 · Battering Ram ×4 · Mangonel ×3
Match map
Initial resources + every placement click. Lines = walls · curves = elevation contours. ◆ gold · ⬟ stone · ● berries · ✦ relic · ◌ wall gap
Your base· Open — unwalled flank
.Bast's base· Open — unwalled flank
KanSu's base· Open — unwalled flank
[GDL] HANNIBAL's base· Open — 4t gap
Dadagama's base· Open — 11t gap
yu's base· Open — unwalled flank
Codiman's base· Open — unwalled flank
花果山水簾洞美猴王齊天大聖孫悟空's base· Open — 5t gap
Smoothed initial terrain · ◌ = detected wall gap · hover for details
Inputs per minute
— El Wicho - - .Bast
Build order — El Wicho
First 150 of 236 actions detected
| 0:09 | Build | Town Center |
| 1:14 | Build | Dock |
| 1:46 | Build | House |
| 2:01 | Build | House |
| 2:06 | Build | House |
| 2:27 | Build | House |
| 2:59 | Create | Villager (Male) |
| 2:59 | Create | Villager (Male) |
| 3:00 | Create | Villager (Male) |
| 3:00 | Create | Villager (Male) |
| 3:36 | Create | Fishing Ship |
| 4:30 | Build | House |
| 4:32 | Create | Villager (Male) |
| 4:50 | Create | Fishing Ship |
| 5:07 | Research | Loom |
| 5:31 | Create | Fishing Ship |
| 5:31 | Create | Fishing Ship |
| 5:37 | Create | Villager (Male) |
| 6:00 | Create | Fishing Ship |
| 6:01 | Create | Fishing Ship |
| 6:14 | Create | Villager (Male) |
| 6:17 | Build | House |
| 6:28 | Build | House |
| 6:31 | Build | House |
| 7:04 | Create | Villager (Male) |
| 7:06 | Create | Fishing Ship |
| 7:07 | Create | Fishing Ship |
| 7:31 | Create | Villager (Male) |
| 7:45 | Create | Villager (Male) |
| 8:01 | Build | House |
| 8:04 | Create | Villager (Male) |
| 8:31 | Create | Fishing Ship |
| 8:48 | Build | Mill |
| 8:50 | Build | House |
| 8:51 | Create | Villager (Male) |
| 9:19 | Create | Fishing Ship |
| 9:28 | Create | Villager (Male) |
| 9:58 | Research | Feudal Age |
| 11:18 | Build | Mining Camp |
| 11:50 | Create | Villager (Male) |
| 11:55 | Create | Villager (Male) |
| 12:08 | Age | Feudal Age |
| 12:26 | Build | Dock |
| 12:35 | Create | Villager (Male) |
| 12:39 | Build | Lumber Camp |
| 12:41 | Create | Villager (Male) |
| 12:47 | Create | Villager (Male) |
| 13:03 | Build | Palisade Gate |
| 13:13 | Build | Palisade Wall |
| 13:14 | Build | Palisade Wall |
| 13:15 | Build | Palisade Wall |
| 13:36 | Create | Unit 2626 |
| 13:42 | Create | Villager (Male) |
| 13:46 | Research | Double-Bit Axe |
| 14:03 | Create | Unit 2626 |
| 14:03 | Create | Unit 2626 |
| 14:06 | Create | Villager (Male) |
| 14:10 | Build | House |
| 14:46 | Build | Dock |
| 14:47 | Create | Villager (Male) |
| 14:57 | Create | Villager (Male) |
| 15:06 | Create | Villager (Male) |
| 15:24 | Create | Villager (Male) |
| 15:28 | Research | Tech 906 |
| 15:32 | Create | Unit 2626 |
| 15:33 | Create | Villager (Male) |
| 15:35 | Build | House |
| 15:51 | Create | Galley |
| 15:52 | Create | Villager (Male) |
| 15:57 | Build | House |
| 16:01 | Research | Town Watch |
| 16:12 | Create | Villager (Male) |
| 16:21 | Create | Villager (Male) |
| 16:22 | Create | Villager (Male) |
| 16:26 | Create | Fire Galley |
| 16:36 | Create | Villager (Male) |
| 16:47 | Build | Market |
| 16:50 | Create | Villager (Male) |
| 17:02 | Build | House |
| 17:02 | Build | House |
| 17:14 | Create | Galley |
| 17:16 | Create | Villager (Male) |
| 17:43 | Build | Blacksmith |
| 17:48 | Create | Villager (Male) |
| 18:48 | Research | Castle Age |
| 18:51 | Build | House |
| 18:52 | Build | House |
| 18:52 | Build | House |
| 19:11 | Create | Villager (Male) |
| 19:23 | Build | Dock |
| 19:31 | Create | Galley ×3 |
| 19:32 | Create | Villager (Male) |
| 20:18 | Create | Villager (Male) |
| 20:20 | Research | Fletching |
| 20:20 | Research | Fletching |
| 20:32 | Build | House |
| 20:33 | Build | House |
| 20:35 | Build | House |
| 20:37 | Create | Villager (Male) |
| 21:07 | Create | Galley |
| 21:07 | Create | Galley |
| 21:07 | Create | Galley |
| 21:08 | Create | Galley |
| 21:08 | Create | Villager (Male) |
| 21:39 | Age | Castle Age |
| 22:15 | Create | Villager (Male) |
| 22:21 | Build | Mining Camp |
| 22:32 | Build | House |
| 22:32 | Build | House |
| 22:33 | Build | House |
| 23:49 | Create | Fishing Ship ×5 |
| 24:30 | Research | Gillnets |
| 24:45 | Create | Villager (Male) |
| 24:47 | Build | House |
| 24:47 | Build | House |
| 25:14 | Create | Villager (Male) |
| 25:28 | Create | Villager (Male) |
| 25:48 | Research | War Galley (upgrade) |
| 25:49 | Create | Fishing Ship ×5 |
| 25:50 | Create | Villager (Male) |
| 25:53 | Build | House |
| 25:53 | Build | House |
| 25:53 | Build | House |
| 25:54 | Build | House |
| 26:03 | Research | Bodkin Arrow |
| 26:20 | Build | Castle |
| 26:23 | Build | Town Center |
| 26:27 | Build | Town Center |
| 26:29 | Create | Villager (Male) |
| 26:31 | Create | Villager (Male) |
| 26:37 | Research | Horse Collar |
| 26:37 | Research | Horse Collar |
| 26:38 | Create | Villager (Male) |
| 26:39 | Create | Villager (Male) |
| 26:53 | Build | University |
| 27:02 | Create | Villager (Male) |
| 27:12 | Research | Wheelbarrow |
| 27:22 | Create | Villager (Male) |
| 27:24 | Create | Villager (Male) |
| 27:44 | Build | Lumber Camp |
| 27:57 | Create | Villager (Male) |
| 28:02 | Build | Dock |
| 28:18 | Research | Ballistics |
| 28:18 | Research | Ballistics |
| 28:22 | Research | Tech 908 |
| 28:27 | Create | Villager (Male) |
| 28:27 | Create | Villager (Male) |
| 28:27 | Create | Villager (Male) |
| 28:28 | Create | Villager (Male) |
| 28:34 | Create | Villager (Male) |
Build order — .Bast
First 150 of 214 actions detected
| 1:38 | Build | Town Center |
| 2:01 | Build | Dock |
| 2:02 | Build | House |
| 3:45 | Create | Villager (Male) |
| 3:46 | Create | Villager (Male) |
| 3:47 | Create | Villager (Male) |
| 3:47 | Create | Villager (Male) |
| 4:45 | Create | Fishing Ship |
| 5:06 | Create | Villager (Male) |
| 5:30 | Create | Villager (Male) |
| 5:34 | Build | House |
| 6:06 | Build | Palisade Wall |
| 6:15 | Create | Villager (Male) |
| 6:15 | Create | Villager (Male) |
| 6:41 | Create | Villager (Male) |
| 6:47 | Build | House |
| 7:08 | Create | Villager (Male) |
| 7:08 | Create | Villager (Male) |
| 7:15 | Create | Fishing Ship |
| 7:30 | Create | Villager (Male) |
| 7:50 | Create | Villager (Male) |
| 7:54 | Create | Fishing Ship |
| 7:57 | Build | House |
| 8:19 | Create | Villager (Male) |
| 8:19 | Create | Villager (Male) |
| 8:47 | Create | Villager (Male) |
| 8:48 | Create | Villager (Male) |
| 8:48 | Create | Villager (Male) |
| 8:52 | Create | Fishing Ship |
| 8:55 | Build | House |
| 8:58 | Build | Palisade Wall |
| 9:28 | Create | Villager (Male) |
| 9:34 | Create | Villager (Male) |
| 9:34 | Create | Villager (Male) |
| 9:41 | Create | Fishing Ship |
| 10:08 | Build | House |
| 10:14 | Build | Palisade Wall |
| 10:24 | Create | Villager (Male) |
| 10:25 | Create | Villager (Male) |
| 10:40 | Create | Villager (Male) |
| 10:40 | Create | Villager (Male) |
| 10:40 | Create | Villager (Male) |
| 10:42 | Create | Fishing Ship |
| 11:02 | Create | Villager (Male) |
| 11:53 | Build | Lumber Camp |
| 12:25 | Research | Feudal Age |
| 12:52 | Create | Fishing Ship |
| 13:01 | Build | House |
| 13:24 | Build | Barracks |
| 13:52 | Create | Villager (Male) |
| 13:52 | Create | Villager (Male) |
| 13:53 | Create | Villager (Male) |
| 14:40 | Build | House |
| 14:41 | Build | Palisade Wall |
| 14:43 | Age | Feudal Age |
| 14:49 | Build | Archery Range |
| 14:54 | Create | Villager (Male) |
| 14:59 | Build | Blacksmith |
| 15:08 | Build | Stone Wall |
| 15:51 | Research | Castle Age |
| 15:57 | Build | House |
| 16:00 | Create | Archer |
| 16:11 | Build | Archery Range |
| 16:16 | Create | Villager (Male) |
| 16:20 | Research | Double-Bit Axe |
| 16:21 | Research | Double-Bit Axe |
| 16:31 | Create | Archer |
| 16:54 | Build | Palisade Gate |
| 17:00 | Create | Villager (Male) |
| 17:18 | Build | House |
| 17:20 | Create | Archer |
| 17:20 | Create | Archer |
| 17:20 | Create | Archer |
| 17:26 | Research | Fletching |
| 17:26 | Create | Villager (Male) |
| 18:14 | Create | Archer |
| 18:15 | Create | Archer |
| 18:38 | Age | Castle Age |
| 18:42 | Create | Archer |
| 18:42 | Create | Archer |
| 18:50 | Research | Bow Saw |
| 19:00 | Build | Siege Workshop |
| 19:19 | Build | Mill |
| 19:21 | Create | Archer |
| 19:22 | Create | Archer |
| 19:39 | Create | Archer |
| 19:39 | Create | Archer |
| 19:40 | Create | Villager (Male) |
| 19:56 | Create | Battering Ram |
| 20:12 | Research | Loom |
| 20:34 | Build | Dock |
| 20:41 | Create | Villager (Male) |
| 20:50 | Create | Battering Ram |
| 20:54 | Create | Spearman |
| 20:54 | Create | Spearman |
| 21:24 | Create | Fishing Ship |
| 21:35 | Build | House |
| 21:51 | Create | Villager (Male) |
| 21:54 | Build | Farm |
| 21:56 | Build | Farm |
| 21:58 | Build | Farm |
| 22:00 | Build | Farm |
| 22:22 | Create | Battering Ram |
| 22:29 | Create | Villager (Male) |
| 22:35 | Research | Crossbowman (upgrade) |
| 22:36 | Research | Bodkin Arrow |
| 22:41 | Create | Archer |
| 22:41 | Create | Archer |
| 22:44 | Build | Farm |
| 22:58 | Create | Villager (Male) |
| 23:12 | Create | Archer |
| 23:12 | Create | Archer |
| 23:20 | Create | Battering Ram |
| 23:21 | Create | Villager (Male) |
| 23:22 | Create | Villager (Male) |
| 23:23 | Create | Villager (Male) |
| 23:36 | Create | Villager (Male) |
| 23:41 | Build | House |
| 23:43 | Build | House |
| 23:57 | Research | Padded Archer Armor |
| 24:02 | Create | Villager (Male) |
| 24:08 | Build | Farm |
| 24:10 | Build | Farm |
| 24:14 | Build | Farm |
| 24:16 | Create | Villager (Male) |
| 24:17 | Create | Villager (Male) |
| 24:23 | Create | Archer |
| 24:24 | Create | Archer |
| 24:24 | Create | Archer |
| 25:48 | Create | Villager (Male) |
| 25:50 | Build | House |
| 25:52 | Build | House |
| 25:54 | Create | Archer |
| 25:54 | Create | Archer |
| 26:07 | Create | Villager (Male) |
| 26:07 | Create | Villager (Male) |
| 26:07 | Create | Villager (Male) |
| 26:18 | Create | Battering Ram |
| 26:19 | Create | Battering Ram |
| 26:19 | Create | Villager (Male) |
| 26:25 | Build | Lumber Camp |
| 26:38 | Create | Archer |
| 26:38 | Create | Archer |
| 26:39 | Create | Villager (Male) |
| 26:39 | Create | Villager (Male) |
| 26:42 | Build | House |
| 26:53 | Build | House |
| 26:53 | Build | House |
| 27:06 | Create | Archer |
| 27:06 | Create | Archer |
Build order — KanSu
First 150 of 211 actions detected
| 0:10 | Build | Town Center |
| 1:45 | Build | Dock |
| 1:47 | Build | House |
| 2:32 | Create | Villager (Male) |
| 2:33 | Create | Villager (Male) |
| 2:33 | Create | Villager (Male) |
| 2:33 | Create | Villager (Male) |
| 2:33 | Create | Villager (Male) |
| 3:36 | Create | Fishing Ship |
| 4:13 | Build | House |
| 4:59 | Create | Fishing Ship |
| 5:02 | Create | Villager (Male) |
| 5:33 | Create | Fishing Ship |
| 5:36 | Create | Villager (Male) |
| 5:51 | Create | Villager (Male) |
| 6:01 | Build | House |
| 6:26 | Create | Villager (Male) |
| 6:32 | Create | Fishing Ship |
| 6:50 | Create | Villager (Male) |
| 7:12 | Create | Villager (Male) |
| 7:40 | Create | Villager (Male) |
| 7:40 | Create | Fishing Ship |
| 7:45 | Build | House |
| 7:47 | Create | Villager (Male) |
| 7:48 | Create | Villager (Male) |
| 8:22 | Create | Villager (Male) |
| 8:34 | Create | Fishing Ship |
| 8:40 | Build | House |
| 8:42 | Create | Villager (Male) |
| 8:59 | Create | Villager (Male) |
| 8:59 | Create | Villager (Male) |
| 9:36 | Create | Fishing Ship |
| 9:49 | Create | Villager (Male) |
| 9:51 | Create | Fishing Ship |
| 10:16 | Build | Mining Camp |
| 10:39 | Create | Villager (Male) |
| 10:45 | Build | House |
| 10:56 | Create | Villager (Male) |
| 10:58 | Create | Fishing Ship |
| 11:00 | Build | House |
| 11:26 | Create | Villager (Male) |
| 11:29 | Create | Villager (Male) |
| 11:45 | Create | Villager (Male) |
| 11:52 | Research | Feudal Age |
| 12:32 | Build | Mill |
| 13:21 | Build | House |
| 13:47 | Create | Villager (Male) |
| 13:47 | Create | Villager (Male) |
| 14:13 | Build | House |
| 14:20 | Age | Feudal Age |
| 14:22 | Build | Blacksmith |
| 14:26 | Build | Market |
| 15:09 | Build | House |
| 15:21 | Build | Lumber Camp |
| 15:25 | Research | Castle Age |
| 16:10 | Build | Barracks |
| 16:15 | Research | Scale Mail Armor |
| 16:19 | Research | Gold Mining |
| 16:20 | Research | Double-Bit Axe |
| 17:10 | Build | Barracks |
| 17:30 | Research | Loom |
| 17:33 | Research | Wheelbarrow |
| 17:54 | Build | Palisade Wall |
| 17:57 | Build | Palisade Wall |
| 18:01 | Build | Palisade Wall |
| 18:03 | Build | Palisade Wall |
| 18:05 | Age | Castle Age |
| 18:12 | Create | Unit 1974 |
| 18:12 | Create | Unit 1974 |
| 18:23 | Create | Villager (Male) |
| 18:36 | Create | Villager (Male) |
| 18:39 | Build | Palisade Wall |
| 18:40 | Build | Palisade Wall |
| 18:43 | Build | Palisade Wall |
| 18:47 | Create | Villager (Male) |
| 18:52 | Build | Lumber Camp |
| 18:55 | Create | Unit 1974 |
| 18:55 | Create | Unit 1974 |
| 19:00 | Create | Villager (Male) |
| 19:03 | Research | Chain Mail Armor |
| 19:11 | Create | Fishing Ship |
| 19:43 | Create | Villager (Male) |
| 19:48 | Create | Unit 1974 |
| 19:49 | Create | Unit 1974 |
| 20:06 | Build | Town Center |
| 20:31 | Create | Unit 1974 |
| 20:31 | Create | Unit 1974 |
| 20:37 | Build | House |
| 21:10 | Create | Unit 1974 |
| 21:11 | Create | Unit 1974 |
| 21:28 | Create | Unit 1974 |
| 21:28 | Create | Unit 1974 |
| 21:29 | Create | Villager (Male) |
| 21:34 | Create | Villager (Male) |
| 21:34 | Create | Villager (Male) |
| 21:37 | Build | Farm |
| 21:37 | Build | Farm |
| 21:37 | Build | Farm |
| 21:38 | Build | Farm |
| 21:38 | Build | Farm |
| 21:57 | Create | Unit 1974 |
| 21:57 | Create | Unit 1974 |
| 21:58 | Create | Villager (Male) |
| 21:58 | Create | Villager (Male) |
| 22:23 | Build | House |
| 22:24 | Build | House |
| 22:25 | Build | House |
| 22:27 | Research | Hand Cart |
| 22:44 | Create | Unit 1974 |
| 22:44 | Create | Unit 1974 |
| 22:49 | Research | Arson |
| 23:14 | Create | Villager (Male) |
| 23:14 | Create | Villager (Male) |
| 23:18 | Create | Fishing Ship |
| 23:18 | Create | Fishing Ship |
| 23:31 | Build | Dock |
| 23:55 | Research | Squires |
| 24:01 | Create | Villager (Male) |
| 24:02 | Create | Villager (Male) |
| 24:03 | Create | Villager (Male) |
| 24:05 | Build | Outpost |
| 24:09 | Build | Mining Camp |
| 24:14 | Create | Fishing Ship |
| 24:14 | Create | Fishing Ship |
| 24:24 | Create | Unit 1974 |
| 24:25 | Create | Unit 1974 |
| 24:28 | Create | Villager (Male) |
| 24:30 | Create | Villager (Male) |
| 24:37 | Research | Horse Collar |
| 24:55 | Build | House |
| 24:58 | Create | Villager (Male) |
| 25:03 | Build | House |
| 25:36 | Build | Barracks |
| 25:40 | Build | Archery Range |
| 25:42 | Create | Villager (Male) |
| 25:43 | Create | Villager (Male) |
| 26:17 | Create | Villager (Male) |
| 26:17 | Create | Villager (Male) |
| 26:26 | Build | Town Center |
| 26:38 | Research | Crossbowman (upgrade) |
| 26:44 | Create | Villager (Male) |
| 26:44 | Create | Villager (Male) |
| 26:44 | Create | Villager (Male) |
| 26:47 | Build | Archery Range |
| 26:48 | Create | Villager (Male) |
| 26:48 | Create | Villager (Male) |
| 27:25 | Create | Villager (Male) |
| 27:30 | Build | Gate |
| 27:36 | Build | Stone Wall |
| 27:44 | Build | Stone Wall |
Build order — [GDL] HANNIBAL
First 150 of 221 actions detected
| 0:21 | Build | Town Center |
| 0:49 | Build | Dock |
| 1:03 | Build | Town Center |
| 1:20 | Build | House |
| 3:56 | Create | Villager (Male) |
| 3:56 | Create | Villager (Male) |
| 3:56 | Create | Villager (Male) |
| 3:57 | Create | Villager (Male) |
| 3:57 | Create | Villager (Male) |
| 3:57 | Create | Villager (Male) |
| 5:08 | Create | Fishing Ship |
| 5:08 | Create | Fishing Ship |
| 5:54 | Create | Villager (Male) |
| 6:04 | Build | House |
| 6:23 | Research | Loom |
| 6:28 | Create | Fishing Ship |
| 6:55 | Create | Villager (Male) |
| 7:03 | Create | Fishing Ship |
| 7:16 | Create | Villager (Male) |
| 7:25 | Build | House |
| 7:37 | Create | Villager (Male) |
| 7:46 | Create | Villager (Male) |
| 8:28 | Create | Villager (Male) |
| 8:40 | Build | Lumber Camp |
| 8:56 | Create | Villager (Male) |
| 8:58 | Create | Villager (Male) |
| 8:58 | Create | Villager (Male) |
| 9:41 | Build | Mill |
| 10:32 | Create | Fishing Ship |
| 10:44 | Build | House |
| 10:51 | Research | Feudal Age |
| 12:21 | Build | Barracks |
| 12:58 | Create | Villager (Male) |
| 13:00 | Age | Feudal Age |
| 13:27 | Create | Villager (Male) |
| 13:39 | Build | Blacksmith |
| 13:45 | Create | Villager (Male) |
| 13:57 | Create | Villager (Male) |
| 14:28 | Build | House |
| 14:34 | Build | Mining Camp |
| 14:43 | Research | Double-Bit Axe |
| 14:45 | Create | Villager (Male) |
| 15:23 | Create | Villager (Male) |
| 15:30 | Build | House |
| 15:37 | Create | Militia |
| 15:41 | Build | Siege Workshop |
| 15:42 | Create | Villager (Male) |
| 15:46 | Create | Militia |
| 15:47 | Research | Man-at-Arms (upgrade) |
| 15:50 | Research | Scale Mail Armor |
| 16:07 | Build | House |
| 16:11 | Build | House |
| 16:13 | Build | House |
| 16:21 | Create | Spearman |
| 16:24 | Create | Villager (Male) |
| 16:38 | Create | Militia |
| 16:38 | Create | Spearman |
| 17:07 | Create | Villager (Male) |
| 17:22 | Create | Militia |
| 17:23 | Create | Battering Ram |
| 17:27 | Create | Spearman |
| 17:46 | Create | Militia |
| 18:02 | Create | Spearman |
| 18:05 | Create | Villager (Male) |
| 18:39 | Build | Market |
| 18:43 | Create | Villager (Male) |
| 18:50 | Create | Battering Ram |
| 19:28 | Create | Battering Ram |
| 19:44 | Create | Villager (Male) |
| 19:46 | Research | Town Watch |
| 19:54 | Create | Villager (Male) |
| 20:03 | Create | Militia |
| 20:33 | Research | Arson |
| 21:19 | Create | Militia |
| 21:20 | Create | Battering Ram |
| 21:24 | Create | Militia ×2 |
| 21:52 | Build | Farm |
| 21:52 | Build | Farm |
| 21:52 | Build | Farm |
| 21:53 | Build | Farm |
| 21:53 | Build | Farm |
| 21:53 | Build | Farm |
| 21:53 | Build | Farm |
| 21:54 | Build | Farm |
| 21:54 | Build | Farm |
| 21:54 | Build | Farm |
| 21:55 | Build | Farm |
| 21:55 | Build | Farm |
| 21:55 | Build | Farm |
| 21:55 | Build | Farm |
| 21:56 | Create | Villager (Male) |
| 22:36 | Create | Villager (Male) |
| 22:38 | Create | Villager (Male) |
| 23:04 | Create | Villager (Male) |
| 23:26 | Create | Battering Ram |
| 23:27 | Create | Battering Ram |
| 23:28 | Create | Villager (Male) |
| 23:36 | Build | House |
| 23:37 | Build | House |
| 23:39 | Build | House |
| 23:39 | Build | House |
| 23:45 | Research | Horse Collar |
| 24:09 | Create | Militia |
| 24:12 | Build | Farm |
| 24:13 | Create | Villager (Male) |
| 24:22 | Build | Farm |
| 24:24 | Create | Villager (Male) |
| 24:51 | Build | House |
| 24:55 | Build | House |
| 25:01 | Create | Villager (Male) |
| 25:03 | Create | Spearman |
| 25:17 | Build | Farm |
| 25:17 | Build | Farm |
| 25:41 | Create | Spearman |
| 25:43 | Build | Farm |
| 25:47 | Research | Forging |
| 26:40 | Build | Mining Camp |
| 26:41 | Create | Villager (Male) |
| 26:45 | Create | Villager (Male) |
| 26:52 | Create | Villager (Male) |
| 27:04 | Build | Town Center |
| 27:18 | Build | Lumber Camp |
| 27:40 | Build | House |
| 28:02 | Research | Castle Age |
| 28:08 | Build | Outpost |
| 28:47 | Create | Battering Ram |
| 29:01 | Build | Stable |
| 29:08 | Research | Wheelbarrow |
| 29:12 | Build | Mill |
| 29:15 | Create | Villager (Male) |
| 29:38 | Create | Spearman |
| 30:41 | Create | Villager (Male) |
| 30:42 | Age | Castle Age |
| 30:45 | Research | Long Swordsman (upgrade) |
| 30:47 | Research | Chain Mail Armor |
| 30:50 | Create | Villager (Male) |
| 30:51 | Create | Villager (Male) |
| 30:52 | Create | Villager (Male) |
| 31:05 | Build | House |
| 31:09 | Build | House |
| 31:10 | Build | House |
| 31:11 | Build | House |
| 31:12 | Build | House |
| 31:16 | Create | Villager (Male) |
| 31:17 | Create | Villager (Male) |
| 31:18 | Create | Villager (Male) |
| 31:18 | Create | Villager (Male) |
| 31:19 | Create | Villager (Male) |
| 31:43 | Create | Villager (Male) |
| 31:48 | Build | House |
Build order — Dadagama
125 actions detected in the replay
| 0:17 | Build | Town Center |
| 0:55 | Build | Palisade Wall |
| 0:56 | Build | Palisade Wall |
| 0:58 | Build | Palisade Wall |
| 0:59 | Build | Palisade Wall |
| 2:23 | Build | Dock |
| 2:28 | Build | House |
| 2:33 | Create | Villager (Male) ×5 |
| 2:41 | Build | House |
| 3:19 | Create | Fishing Ship |
| 4:01 | Create | Fishing Ship |
| 4:15 | Research | Loom |
| 4:38 | Create | Fishing Ship |
| 4:53 | Create | Villager (Male) |
| 4:59 | Build | House |
| 5:29 | Create | Villager (Male) |
| 5:41 | Create | Fishing Ship |
| 5:57 | Create | Villager (Male) |
| 6:02 | Build | House |
| 6:16 | Create | Villager (Male) |
| 6:37 | Create | Villager (Male) |
| 6:41 | Create | Fishing Ship |
| 6:56 | Create | Villager (Male) |
| 7:28 | Create | Villager (Male) |
| 7:28 | Create | Villager (Male) |
| 7:49 | Create | Villager (Male) |
| 7:49 | Create | Villager (Male) |
| 7:53 | Create | Fishing Ship |
| 7:57 | Build | House |
| 8:07 | Create | Villager (Male) |
| 8:28 | Create | Villager (Male) |
| 8:31 | Build | Lumber Camp |
| 8:40 | Build | Mill |
| 8:56 | Create | Villager (Male) |
| 8:56 | Create | Villager (Male) |
| 9:37 | Create | Villager (Male) |
| 10:03 | Create | Villager (Male) |
| 10:33 | Research | Feudal Age |
| 11:01 | Build | House |
| 11:08 | Build | Barracks |
| 11:19 | Build | House |
| 11:28 | Create | Villager (Male) |
| 11:28 | Create | Villager (Male) |
| 12:05 | Build | House |
| 12:08 | Build | Palisade Wall |
| 12:15 | Create | Villager (Male) |
| 12:46 | Age | Feudal Age |
| 12:48 | Build | Stable |
| 12:49 | Research | Double-Bit Axe |
| 13:15 | Build | Market |
| 13:22 | Build | Blacksmith |
| 13:27 | Create | Scout Cavalry ×5 |
| 13:32 | Create | Villager (Male) |
| 13:33 | Create | Villager (Male) |
| 13:39 | Build | Mining Camp |
| 13:58 | Build | House |
| 13:58 | Build | House |
| 14:11 | Create | Villager (Male) |
| 14:13 | Research | Forging |
| 14:19 | Create | Villager (Male) |
| 14:24 | Build | House |
| 14:33 | Build | House |
| 14:51 | Build | House |
| 14:52 | Build | House |
| 15:01 | Research | Scale Barding Armor |
| 15:16 | Create | Villager (Male) |
| 15:16 | Create | Villager (Male) |
| 15:20 | Build | Mill |
| 16:07 | Create | Villager (Male) |
| 16:07 | Create | Villager (Male) |
| 16:30 | Create | Villager (Male) |
| 16:31 | Create | Villager (Male) |
| 16:37 | Build | Farm |
| 16:37 | Build | Farm |
| 16:37 | Build | Farm |
| 16:37 | Build | Farm |
| 16:40 | Create | Villager (Male) |
| 16:54 | Build | House |
| 16:55 | Build | House |
| 17:38 | Create | Villager (Male) |
| 18:11 | Research | Castle Age |
| 19:41 | Build | Stable |
| 19:44 | Research | Bloodlines |
| 19:47 | Create | Villager (Male) |
| 19:47 | Create | Villager (Male) |
| 19:57 | Research | Gold Mining |
| 20:09 | Research | Horse Collar |
| 20:15 | Create | Spearman |
| 20:15 | Create | Spearman |
| 20:38 | Age | Castle Age |
| 21:02 | Create | Scout Cavalry |
| 21:02 | Create | Scout Cavalry |
| 21:04 | Create | Knight |
| 21:04 | Create | Knight |
| 21:05 | Create | Knight |
| 21:05 | Create | Knight |
| 22:13 | Create | Knight ×3 |
| 25:07 | Build | Town Center |
| 25:23 | Build | Lumber Camp |
| 26:18 | Build | Lumber Camp |
| 26:38 | Create | Villager (Male) ×5 |
| 28:28 | Create | Villager (Male) ×5 |
| 29:23 | Create | Knight |
| 30:20 | Build | Town Center |
| 30:27 | Build | House |
| 30:29 | Build | House |
| 30:33 | Build | House |
| 31:09 | Build | Market |
| 31:20 | Build | Mill |
| 31:45 | Build | Town Center |
| 31:52 | Create | Villager (Male) ×5 |
| 32:19 | Create | Villager (Male) ×5 |
| 32:41 | Build | Town Center |
| 32:48 | Create | Villager (Male) ×3 |
| 33:04 | Create | Villager (Male) ×2 |
| 33:20 | Create | Villager (Male) |
| 34:02 | Build | Palisade Gate |
| 34:43 | Create | Villager (Male) ×5 |
| 34:53 | Create | Villager (Male) ×4 |
| 34:58 | Create | Villager (Male) |
| 34:58 | Create | Villager (Male) |
| 35:05 | Build | Mining Camp |
| 35:07 | Create | Villager (Male) |
| 35:47 | Create | Villager (Male) |
| 35:49 | Build | Mill |
Build order — yu
First 150 of 377 actions detected
| 0:19 | Build | Town Center |
| 1:40 | Build | Dock |
| 2:36 | Create | Villager (Male) |
| 2:37 | Create | Villager (Male) |
| 2:39 | Build | House |
| 3:24 | Create | Villager (Male) |
| 3:45 | Create | Fishing Ship |
| 4:08 | Create | Villager (Male) |
| 4:23 | Create | Villager (Male) |
| 4:40 | Build | House |
| 5:00 | Create | Villager (Male) |
| 5:24 | Create | Villager (Male) |
| 5:35 | Create | Fishing Ship |
| 5:48 | Create | Villager (Male) |
| 6:26 | Create | Villager (Male) |
| 6:32 | Build | House |
| 6:42 | Create | Fishing Ship |
| 6:54 | Create | Villager (Male) |
| 6:54 | Create | Villager (Male) |
| 7:12 | Create | Fishing Ship |
| 7:21 | Create | Villager (Male) |
| 7:54 | Create | Villager (Male) |
| 7:54 | Create | Villager (Male) |
| 8:03 | Build | House |
| 8:04 | Create | Villager (Male) |
| 8:08 | Create | Fishing Ship |
| 8:21 | Create | Villager (Male) |
| 8:43 | Create | Villager (Male) |
| 8:51 | Create | Fishing Ship |
| 9:04 | Build | House |
| 9:38 | Build | House |
| 9:41 | Create | Villager (Male) |
| 9:45 | Create | Fishing Ship |
| 10:03 | Build | Mill |
| 10:29 | Create | Villager (Male) |
| 10:42 | Create | Villager (Male) |
| 10:58 | Create | Fishing Ship |
| 11:20 | Create | Villager (Male) |
| 11:27 | Build | Mill |
| 11:48 | Create | Villager (Male) |
| 12:08 | Research | Feudal Age |
| 12:14 | Build | Mining Camp |
| 12:56 | Create | Villager (Male) |
| 13:00 | Build | House |
| 13:12 | Create | Villager (Male) |
| 13:31 | Age | Feudal Age |
| 13:32 | Build | Market |
| 13:38 | Research | Loom |
| 14:13 | Build | Blacksmith |
| 14:46 | Research | Castle Age |
| 14:59 | Create | Galley |
| 15:06 | Create | Unit 2626 |
| 15:12 | Build | Lumber Camp |
| 16:07 | Research | Double-Bit Axe |
| 16:09 | Create | Villager (Male) |
| 16:14 | Build | House |
| 16:22 | Age | Castle Age |
| 16:30 | Build | Town Center |
| 16:47 | Create | Villager (Male) |
| 16:47 | Create | Villager (Male) |
| 17:20 | Create | Villager (Male) |
| 17:34 | Build | Town Center |
| 17:36 | Create | Villager (Male) |
| 17:55 | Create | Villager (Male) |
| 18:01 | Create | Villager (Male) |
| 18:03 | Research | Bow Saw |
| 18:03 | Research | Bow Saw |
| 18:30 | Create | Villager (Male) |
| 18:30 | Create | Villager (Male) |
| 18:37 | Create | Villager (Male) |
| 18:37 | Create | Villager (Male) |
| 18:44 | Build | House |
| 18:45 | Build | House |
| 18:45 | Build | House |
| 19:00 | Build | Dock |
| 19:12 | Create | Villager (Male) |
| 19:12 | Create | Villager (Male) |
| 19:13 | Create | Villager (Male) |
| 19:13 | Create | Villager (Male) |
| 19:18 | Build | Farm |
| 19:19 | Build | Farm |
| 19:23 | Create | Fishing Ship |
| 19:24 | Create | Fishing Ship |
| 19:26 | Create | Villager (Male) |
| 19:38 | Build | Farm |
| 19:39 | Build | Farm |
| 19:40 | Build | Farm |
| 19:45 | Create | Villager (Male) |
| 19:55 | Build | Farm |
| 19:57 | Build | Farm |
| 20:01 | Build | Farm |
| 20:01 | Create | Villager (Male) |
| 20:11 | Build | Farm |
| 20:12 | Build | Farm |
| 20:14 | Create | Fishing Ship |
| 20:15 | Create | Fishing Ship |
| 20:16 | Create | Villager (Male) |
| 20:25 | Build | Mining Camp |
| 20:31 | Create | Villager (Male) |
| 20:34 | Create | Villager (Male) |
| 20:35 | Build | Farm |
| 20:37 | Build | Farm |
| 20:40 | Create | Fishing Ship |
| 20:42 | Create | Villager (Male) |
| 20:54 | Build | Monastery |
| 20:57 | Create | Villager (Male) |
| 21:12 | Create | Villager (Male) |
| 21:15 | Build | Farm |
| 21:17 | Build | Farm |
| 21:18 | Build | Farm |
| 21:20 | Create | Villager (Male) |
| 21:28 | Build | House |
| 21:30 | Build | House |
| 21:31 | Build | House |
| 21:34 | Create | Villager (Male) |
| 21:37 | Create | Villager (Male) |
| 21:39 | Create | Monk |
| 21:49 | Build | Siege Workshop |
| 21:51 | Create | Villager (Male) |
| 21:51 | Create | Villager (Male) |
| 21:52 | Create | Monk |
| 22:05 | Create | Mangonel |
| 22:08 | Build | Mining Camp |
| 22:20 | Build | Farm |
| 22:21 | Create | Villager (Male) |
| 22:22 | Create | Fishing Ship |
| 22:22 | Create | Fishing Ship |
| 22:22 | Create | Fishing Ship |
| 22:25 | Create | Villager (Male) |
| 22:27 | Build | House |
| 22:50 | Create | Villager (Male) |
| 22:55 | Build | Barracks |
| 22:57 | Create | Villager (Male) |
| 23:01 | Build | Outpost |
| 23:01 | Create | Villager (Male) |
| 23:01 | Create | Villager (Male) |
| 23:07 | Build | Farm |
| 23:08 | Build | Farm |
| 23:09 | Build | Farm |
| 23:21 | Create | Villager (Male) |
| 23:22 | Create | Villager (Male) |
| 23:22 | Create | Villager (Male) |
| 23:22 | Create | Villager (Male) |
| 23:25 | Build | House |
| 23:26 | Build | House |
| 23:51 | Build | Outpost |
| 23:52 | Create | Villager (Male) |
| 23:53 | Create | Villager (Male) |
| 23:54 | Create | Villager (Male) |
| 23:57 | Create | Fishing Ship |
Build order — Codiman
First 150 of 318 actions detected
| 0:29 | Build | Town Center |
| 1:25 | Build | Dock |
| 1:29 | Build | House |
| 2:42 | Create | Villager (Male) |
| 2:42 | Create | Villager (Male) |
| 2:42 | Create | Villager (Male) |
| 2:43 | Create | Villager (Male) |
| 3:47 | Create | Fishing Ship |
| 3:47 | Create | Fishing Ship |
| 3:47 | Create | Fishing Ship |
| 4:16 | Research | Loom |
| 4:31 | Create | Villager (Male) |
| 4:31 | Create | Villager (Male) |
| 4:39 | Create | Fishing Ship |
| 4:39 | Create | Fishing Ship |
| 4:40 | Create | Fishing Ship |
| 5:16 | Build | House |
| 5:21 | Create | Villager (Male) |
| 5:21 | Create | Villager (Male) |
| 5:22 | Create | Villager (Male) |
| 5:46 | Create | Villager (Male) |
| 5:47 | Create | Villager (Male) |
| 5:47 | Create | Villager (Male) |
| 5:59 | Create | Villager (Male) |
| 5:59 | Create | Villager (Male) |
| 6:00 | Create | Fishing Ship |
| 6:00 | Create | Fishing Ship |
| 6:24 | Build | House |
| 6:56 | Create | Villager (Male) |
| 6:57 | Create | Villager (Male) |
| 7:20 | Create | Villager (Male) |
| 7:20 | Create | Villager (Male) |
| 7:20 | Create | Villager (Male) |
| 7:29 | Create | Villager (Male) |
| 7:29 | Create | Villager (Male) |
| 7:30 | Create | Villager (Male) |
| 7:39 | Create | Fishing Ship |
| 7:39 | Create | Fishing Ship |
| 7:39 | Create | Fishing Ship |
| 7:46 | Build | House |
| 8:04 | Create | Villager (Male) |
| 8:04 | Create | Villager (Male) |
| 8:04 | Create | Villager (Male) |
| 8:20 | Create | Villager (Male) |
| 8:42 | Create | Villager (Male) |
| 8:42 | Create | Villager (Male) |
| 8:42 | Create | Villager (Male) |
| 8:45 | Create | Villager (Male) |
| 8:46 | Create | Villager (Male) |
| 9:09 | Build | House |
| 9:31 | Build | Mill |
| 10:01 | Create | Villager (Male) |
| 10:01 | Create | Villager (Male) |
| 10:22 | Create | Villager (Male) |
| 10:40 | Build | Mill |
| 11:08 | Create | Villager (Male) |
| 11:22 | Build | House |
| 11:28 | Build | Mill |
| 11:59 | Create | Villager (Male) |
| 12:35 | Build | Lumber Camp |
| 12:54 | Create | Fishing Ship |
| 12:55 | Create | Fishing Ship |
| 13:00 | Research | Feudal Age |
| 13:02 | Create | Villager (Male) |
| 13:31 | Build | Mining Camp |
| 14:26 | Create | Villager (Male) |
| 14:26 | Create | Villager (Male) |
| 15:17 | Build | Mining Camp |
| 15:30 | Age | Feudal Age |
| 15:31 | Create | Fishing Ship |
| 15:36 | Build | House |
| 15:40 | Build | Mill |
| 15:48 | Research | Town Watch |
| 15:56 | Build | Market |
| 16:04 | Build | Blacksmith |
| 16:11 | Create | Villager (Male) |
| 16:13 | Create | Villager (Male) |
| 16:22 | Build | Mill |
| 17:03 | Build | Mining Camp |
| 17:09 | Build | House |
| 17:10 | Build | House |
| 17:12 | Research | Castle Age |
| 17:53 | Create | Villager (Male) |
| 17:56 | Create | Villager (Male) |
| 18:00 | Research | Double-Bit Axe |
| 18:03 | Research | Horse Collar |
| 19:52 | Age | Castle Age |
| 20:04 | Build | Town Center |
| 20:08 | Create | Villager (Male) |
| 20:32 | Build | Town Center |
| 20:52 | Create | Villager (Male) |
| 21:09 | Create | Villager (Male) |
| 21:12 | Research | Bow Saw |
| 21:32 | Create | Villager (Male) |
| 21:33 | Create | Villager (Male) |
| 21:55 | Create | Villager (Male) |
| 22:01 | Build | Barracks |
| 22:25 | Create | Villager (Male) |
| 22:28 | Create | Villager (Male) |
| 22:28 | Create | Villager (Male) |
| 22:34 | Build | House |
| 22:34 | Build | House |
| 22:35 | Build | House |
| 22:37 | Build | House |
| 22:45 | Research | Forging |
| 22:47 | Create | Villager (Male) |
| 22:53 | Build | Barracks |
| 22:55 | Create | Villager (Male) |
| 23:02 | Create | Villager (Male) |
| 23:02 | Create | Villager (Male) |
| 23:12 | Research | Man-at-Arms (upgrade) |
| 23:14 | Research | Scale Mail Armor |
| 23:24 | Create | Villager (Male) |
| 23:37 | Build | Barracks |
| 23:40 | Create | Militia |
| 23:40 | Create | Militia |
| 23:40 | Create | Militia |
| 23:42 | Create | Villager (Male) |
| 23:43 | Create | Villager (Male) |
| 23:57 | Create | Militia |
| 23:59 | Research | Long Swordsman (upgrade) |
| 24:08 | Build | Farm |
| 24:08 | Build | Farm |
| 24:08 | Build | Farm |
| 24:08 | Build | Farm |
| 24:09 | Build | Farm |
| 24:09 | Build | Farm |
| 24:09 | Build | Farm |
| 24:09 | Build | Farm |
| 24:09 | Build | Farm |
| 24:18 | Create | Militia |
| 24:18 | Create | Militia |
| 24:32 | Build | House |
| 24:38 | Create | Militia |
| 24:38 | Create | Militia |
| 25:23 | Create | Militia |
| 25:23 | Create | Militia |
| 25:23 | Create | Militia |
| 25:23 | Create | Militia |
| 25:29 | Create | Militia |
| 25:29 | Create | Militia |
| 25:29 | Create | Militia |
| 25:39 | Build | Farm |
| 25:40 | Build | Farm |
| 25:40 | Build | Farm |
| 25:44 | Create | Militia |
| 25:44 | Create | Militia |
| 25:44 | Create | Militia |
| 25:51 | Create | Villager (Male) |
| 25:51 | Create | Villager (Male) |
Build order — 花果山水簾洞美猴王齊天大聖孫悟空
First 150 of 170 actions detected
| 0:16 | Build | Town Center |
| 1:24 | Build | Dock |
| 1:26 | Build | Palisade Wall |
| 2:35 | Create | Villager (Male) |
| 2:35 | Create | Villager (Male) |
| 2:35 | Create | Villager (Male) |
| 2:35 | Create | Villager (Male) |
| 2:57 | Build | House |
| 3:33 | Build | Palisade Wall |
| 3:53 | Create | Villager (Male) |
| 4:01 | Create | Fishing Ship |
| 4:01 | Create | Fishing Ship |
| 4:44 | Create | Fishing Ship |
| 4:44 | Create | Fishing Ship |
| 4:49 | Create | Villager (Male) |
| 4:59 | Research | Loom |
| 5:00 | Research | Loom |
| 5:00 | Create | Villager (Male) |
| 5:09 | Build | House |
| 5:15 | Build | House |
| 5:29 | Create | Villager (Male) |
| 5:41 | Create | Villager (Male) |
| 5:41 | Create | Villager (Male) |
| 6:01 | Create | Fishing Ship |
| 6:10 | Create | Villager (Male) |
| 6:14 | Build | House |
| 6:50 | Create | Fishing Ship |
| 6:51 | Create | Villager (Male) |
| 7:26 | Build | House |
| 7:33 | Create | Villager (Male) |
| 7:33 | Create | Villager (Male) |
| 7:43 | Create | Villager (Male) |
| 7:55 | Create | Fishing Ship |
| 7:55 | Create | Fishing Ship |
| 8:14 | Create | Villager (Male) |
| 8:15 | Create | Villager (Male) |
| 8:32 | Create | Fishing Ship |
| 9:08 | Create | Villager (Male) |
| 9:12 | Build | Palisade Wall |
| 9:13 | Build | House |
| 9:20 | Create | Fishing Ship |
| 9:59 | Create | Villager (Male) |
| 10:02 | Create | Fishing Ship |
| 10:16 | Create | Villager (Male) |
| 10:16 | Create | Villager (Male) |
| 10:17 | Create | Villager (Male) |
| 10:19 | Build | House |
| 10:36 | Build | House |
| 10:46 | Create | Villager (Male) |
| 10:55 | Build | House |
| 11:04 | Build | House |
| 11:38 | Create | Villager (Male) |
| 11:52 | Create | Villager (Male) |
| 11:53 | Build | Lumber Camp |
| 11:54 | Build | Mill |
| 12:42 | Create | Villager (Male) |
| 12:59 | Build | Mining Camp |
| 13:03 | Build | Mill |
| 13:20 | Research | Feudal Age |
| 14:12 | Build | Palisade Wall |
| 14:12 | Build | Palisade Wall |
| 14:14 | Build | Palisade Wall |
| 14:21 | Build | Dock |
| 15:01 | Build | Mill |
| 15:04 | Build | Mining Camp |
| 15:05 | Create | Villager (Male) |
| 15:25 | Create | Fishing Ship |
| 15:30 | Age | Feudal Age |
| 15:51 | Create | Villager (Male) |
| 16:29 | Create | Villager (Male) |
| 16:29 | Create | Villager (Male) |
| 16:32 | Build | Market |
| 16:34 | Build | Blacksmith |
| 16:49 | Research | Double-Bit Axe |
| 17:05 | Create | Fishing Ship |
| 17:29 | Create | Villager (Male) |
| 17:33 | Build | Mill |
| 17:47 | Create | Villager (Male) |
| 17:50 | Build | House |
| 18:18 | Research | Castle Age |
| 18:33 | Create | Demolition Raft |
| 18:36 | Research | Tech 906 |
| 18:41 | Research | Horse Collar |
| 18:41 | Research | Horse Collar |
| 19:16 | Research | Gold Mining |
| 19:16 | Research | Stone Mining |
| 20:29 | Create | Villager (Male) |
| 20:38 | Create | Villager (Male) |
| 20:59 | Age | Castle Age |
| 21:01 | Build | Monastery |
| 21:05 | Build | Monastery |
| 21:12 | Create | Villager (Male) |
| 21:15 | Build | Castle |
| 21:18 | Create | Monk |
| 21:33 | Create | Monk |
| 21:49 | Create | Villager (Male) |
| 21:56 | Build | House |
| 21:57 | Create | Villager (Male) |
| 22:03 | Create | Missionary |
| 22:26 | Create | Villager (Male) |
| 23:25 | Create | Monk |
| 23:26 | Research | Redemption |
| 23:32 | Create | Villager (Male) |
| 24:08 | Build | House |
| 24:11 | Create | Monk |
| 24:12 | Create | Monk |
| 24:17 | Build | Stone Wall |
| 24:26 | Build | Stone Wall |
| 24:33 | Build | Stone Wall |
| 24:36 | Build | Gate |
| 24:36 | Create | Villager (Male) |
| 24:43 | Build | Stone Wall |
| 25:10 | Create | Villager (Male) |
| 25:39 | Create | Monk |
| 25:39 | Create | Monk |
| 25:40 | Create | Monk |
| 25:40 | Create | Monk |
| 25:41 | Research | Sanctity |
| 25:41 | Create | Monk |
| 26:08 | Build | Siege Workshop |
| 26:27 | Create | Mangonel |
| 26:29 | Create | Battering Ram |
| 26:56 | Create | Conquistador |
| 27:22 | Build | Town Center |
| 28:18 | Research | Inquisition |
| 28:18 | Research | Inquisition |
| 28:23 | Build | Monastery |
| 28:26 | Create | Villager (Male) |
| 28:33 | Create | Villager (Male) |
| 29:27 | Create | Missionary |
| 29:35 | Build | Monastery |
| 29:57 | Create | Conquistador |
| 29:58 | Create | Villager (Male) |
| 29:59 | Create | Villager (Male) |
| 30:06 | Create | Villager (Male) |
| 30:10 | Create | Monk |
| 30:11 | Create | Monk |
| 30:16 | Create | Missionary |
| 30:17 | Create | Missionary |
| 30:30 | Create | Villager (Male) |
| 30:39 | Create | Villager (Male) |
| 30:41 | Create | Missionary |
| 30:41 | Create | Missionary |
| 30:41 | Create | Missionary |
| 30:49 | Create | Villager (Male) |
| 30:50 | Create | Villager (Male) |
| 30:52 | Create | Villager (Male) |
| 31:04 | Create | Conquistador |
| 31:24 | Create | Villager (Male) |
| 31:46 | Create | Scorpion |
Match timeline
| 0:49 | [GDL] HANNIBAL · first_building Dock |
| 0:55 | Dadagama · wall_segment Palisade Wall x1 |
| 0:56 | Dadagama · wall_segment Palisade Wall x1 |
| 0:58 | Dadagama · wall_segment Palisade Wall x1 |
| 0:59 | Dadagama · wall_segment Palisade Wall x1 |
| 1:14 | El Wicho · first_building Dock |
| 1:24 | 花果山水簾洞美猴王齊天大聖孫悟空 · first_building Dock |
| 1:25 | Codiman · first_building Dock |
| 1:26 | 花果山水簾洞美猴王齊天大聖孫悟空 · wall_segment Palisade Wall x1 |
| 1:40 | yu · first_building Dock |
| 1:45 | KanSu · first_building Dock |
| 2:01 | .Bast · first_building Dock |
| 2:23 | Dadagama · first_building Dock |
| 3:33 | 花果山水簾洞美猴王齊天大聖孫悟空 · wall_segment Palisade Wall x1 |
| 6:06 | .Bast · wall_segment Palisade Wall x1 |
| 8:58 | .Bast · wall_segment Palisade Wall x5 |
| 9:12 | 花果山水簾洞美猴王齊天大聖孫悟空 · wall_segment Palisade Wall x1 |
| 10:14 | .Bast · wall_segment Palisade Wall x1 |
| 11:08 | Dadagama · first_building Barracks |
| 12:08 | El Wicho · age_up feudal |
| 12:08 | Dadagama · wall_segment Palisade Wall x1 |
| 12:21 | [GDL] HANNIBAL · first_building Barracks |
| 12:46 | Dadagama · age_up feudal |
| 12:48 | Dadagama · first_building Stable |
| 13:00 | [GDL] HANNIBAL · age_up feudal |
| 13:13 | El Wicho · wall_segment Palisade Wall x1 |
| 13:14 | El Wicho · wall_segment Palisade Wall x1 |
| 13:15 | El Wicho · wall_segment Palisade Wall x1 |
| 13:24 | .Bast · first_building Barracks |
| 13:31 | yu · age_up feudal |
| 14:12 | 花果山水簾洞美猴王齊天大聖孫悟空 · wall_segment Palisade Wall x1 |
| 14:12 | 花果山水簾洞美猴王齊天大聖孫悟空 · wall_segment Palisade Wall x1 |
| 14:14 | 花果山水簾洞美猴王齊天大聖孫悟空 · wall_segment Palisade Wall x1 |
| 14:20 | KanSu · age_up feudal |
| 14:41 | .Bast · wall_segment Palisade Wall x1 |
| 14:43 | .Bast · age_up feudal |
| 14:49 | .Bast · first_building Archery Range |
| 15:08 | .Bast · wall_segment Stone Wall x11 |
| 15:30 | 花果山水簾洞美猴王齊天大聖孫悟空 · age_up feudal |
| 15:30 | Codiman · age_up feudal |
| 15:41 | [GDL] HANNIBAL · first_building Siege Workshop |
| 16:10 | KanSu · first_building Barracks |
| 16:22 | yu · age_up castle |
| 17:54 | KanSu · wall_segment Palisade Wall x4 |
| 17:57 | KanSu · wall_segment Palisade Wall x1 |
| 18:01 | KanSu · wall_segment Palisade Wall x1 |
| 18:03 | KanSu · wall_segment Palisade Wall x1 |
| 18:05 | KanSu · age_up castle |
| 18:38 | .Bast · age_up castle |
| 18:38 | El Wicho · first_market_sell 100 wood |
| 18:39 | KanSu · wall_segment Palisade Wall x1 |
| 18:40 | KanSu · wall_segment Palisade Wall x1 |
| 18:43 | KanSu · wall_segment Palisade Wall x1 |
| 19:00 | .Bast · first_building Siege Workshop |
| 19:27 | [GDL] HANNIBAL · first_market_sell 100 wood |
| 19:52 | Codiman · age_up castle |
| 20:38 | Dadagama · age_up castle |
| 20:54 | yu · first_building Monastery |
| 20:59 | 花果山水簾洞美猴王齊天大聖孫悟空 · age_up castle |
| 21:01 | 花果山水簾洞美猴王齊天大聖孫悟空 · first_building Monastery |
| 21:15 | 花果山水簾洞美猴王齊天大聖孫悟空 · first_building Castle |
| 21:39 | El Wicho · age_up castle |
| 21:49 | yu · first_building Siege Workshop |
| 22:01 | Codiman · first_building Barracks |
| 22:55 | yu · first_building Barracks |
| 24:14 | yu · first_building Stable |
| 24:17 | 花果山水簾洞美猴王齊天大聖孫悟空 · wall_segment Stone Wall x1 |
| 24:26 | 花果山水簾洞美猴王齊天大聖孫悟空 · wall_segment Stone Wall x3 |
| 24:33 | 花果山水簾洞美猴王齊天大聖孫悟空 · wall_segment Stone Wall x1 |
| 24:43 | 花果山水簾洞美猴王齊天大聖孫悟空 · wall_segment Stone Wall x2 |
| 25:15 | yu · first_building Castle |
| 25:21 | Codiman · first_market_buy 100 food |
| 25:40 | KanSu · first_building Archery Range |
| 26:08 | 花果山水簾洞美猴王齊天大聖孫悟空 · first_building Siege Workshop |
| 26:20 | El Wicho · first_building Castle |
| 26:28 | yu · first_building Archery Range |
| 26:34 | El Wicho · first_market_buy 100 food |
| 26:42 | Codiman · first_building Castle |
| 27:11 | 花果山水簾洞美猴王齊天大聖孫悟空 · first_market_buy 100 wood |
| 27:36 | KanSu · wall_segment Stone Wall x1 |
| 27:44 | KanSu · wall_segment Stone Wall x1 |
| 27:45 | KanSu · wall_segment Stone Wall x1 |
| 27:48 | KanSu · wall_segment Stone Wall x1 |
| 27:50 | KanSu · wall_segment Stone Wall x1 |
| 28:19 | yu · tribute_sent a jugador 1 |
| 28:19 | yu · tribute_sent a jugador 2 |
| 28:19 | yu · tribute_sent a jugador 3 |
| 28:19 | yu · tribute_sent a jugador 4 |
| 28:19 | yu · tribute_sent a jugador 5 |
| 28:19 | yu · tribute_sent a jugador 7 |
| 28:19 | yu · tribute_sent a jugador 8 |
| 28:38 | Codiman · first_building Siege Workshop |
| 28:39 | KanSu · first_building Siege Workshop |
| 29:01 | [GDL] HANNIBAL · first_building Stable |
| 29:41 | El Wicho · tribute_sent a jugador 1 |
| 29:41 | El Wicho · tribute_sent a jugador 2 |
| 29:41 | El Wicho · tribute_sent a jugador 4 |
| 29:41 | El Wicho · tribute_sent a jugador 5 |
| 29:41 | El Wicho · tribute_sent a jugador 6 |
| 29:41 | El Wicho · tribute_sent a jugador 7 |
| 29:41 | El Wicho · tribute_sent a jugador 8 |
| 30:05 | .Bast · first_market_sell 100 food |
| 30:08 | .Bast · first_building Monastery |
| 30:19 | .Bast · first_market_buy 100 wood |
| 30:42 | [GDL] HANNIBAL · age_up castle |
| 30:47 | yu · first_market_sell 500 food |
| 31:21 | yu · age_up imperial |
| 31:25 | .Bast · wall_segment Stone Wall x1 |
| 31:28 | El Wicho · first_building Barracks |
| 31:41 | Dadagama · first_market_buy 100 stone |
| 32:18 | [GDL] HANNIBAL · first_market_buy 100 food |
| 32:29 | Dadagama · first_market_sell 100 wood |
| 33:22 | .Bast · age_up imperial |
| 34:02 | El Wicho · first_building Siege Workshop |
| 34:03 | .Bast · first_building Castle |
| 34:14 | KanSu · wall_segment Stone Wall x1 |
| 34:15 | KanSu · wall_segment Stone Wall x1 |
| 34:16 | KanSu · wall_segment Stone Wall x1 |
| 35:56 | KanSu · first_building Castle |
| 36:14 | El Wicho · first_building Archery Range |
| 36:19 | KanSu · first_market_buy 100 food |
| 36:32 | .Bast · resign |
| 37:44 | 花果山水簾洞美猴王齊天大聖孫悟空 · first_building Barracks |
[ AI ANALYSIS · 1 CREDIT ]
What really happened in this match?
Wolo.gg analyzes every decision: build order, eco, micro, common mistakes by bracket. Personalized analysis on WhatsApp or Discord in 30 seconds.
Civ guide
Italians
Perfil
Jugador #12089835